AoeStats
← Moul_Thon

Black Forest

509248336Analyzed
3v3 RM · 7d ago on Sep 26, 2026· 26m 36s· 6 players
Game mode
Random Map
Map size
Normal (6 player)
Population
200
Speed
Normal
Resources
Standard
Victory
Conquest
Starting age
Dark Age
Ending age
Imperial Age
RankedLock teamsTeams togetherTeam positionsShared explorationLock speedFull tech treeHidden civsTurbo modeCheats
Victory
Defeat
🇲🇦 Celts · Morocco
1268
+13
🇲🇦 Mongols · Morocco
1244
+14
🇲🇦 Franks · Morocco
1181
+16
1204
-15
1192
-14
🇨🇱 Persians · Chile
1185
-14
[Telo] ~ XuPaL0 TeL0
6:16 Loom
11:41 Feudal Age
12:49 Town Watch
15:30 Castle Age
14:10 Double-Bit Axe
14:37 Horse Collar
16:23 Wheelbarrow
23:19 Heavy Plow
23:35 Bow Saw
24:33 Bloodlines
24:24 Husbandry
25:16 Hand Cart
[Telo] ~ Shelo the murder
0:40 Loom
11:48 Feudal Age
17:11 Castle Age
21:28 Town Watch
24:23 Horse Collar
[Telo] ~ The Highest Threat
0:27 Loom
12:23 Feudal Age
16:33 Castle Age
16:21 Double-Bit Axe
18:07 Caravan
22:29 Town Watch
24:07 Fervor
24:48 Fortified Wall
25:18 Horse Collar
Sradi7
2:32 Loom
12:49 Feudal Age
17:40 Castle Age
16:46 Wheelbarrow
16:04 Double-Bit Axe
16:12 Gold Mining
16:06 Horse Collar
18:12 Stone Mining
19:39 Wheelbarrow
18:50 Town Watch
22:12 Heavy Plow
22:56 Hand Cart
25:57 Bow Saw
Moul_Thon
12:59 Feudal Age
14:14 Double-Bit Axe
16:46 Castle Age
14:38 Horse Collar
15:52 Town Watch
17:57 Scale Mail Armor
19:27 Forging
[ALWM]jinikoro
8:03 Loom
11:30 Feudal Age
12:13 Double-Bit Axe
16:28 Castle Age
14:41 Gold Mining
17:54 Wheelbarrow
22:59 Hand Cart
25:41 Gold Shaft Mining
Connection lost

Rejoining the realm…

Still unreachable

The connection could not be restored.

Session expired

The server has moved on; the page needs a fresh start.